AoeStats
← AFG225

Coastal Forest

510452952Analyzed
4v4 RM · 1d ago on Oct 1, 2026· 99m 31s· 8 players
Game mode
Random Map
Map size
Large (8 player)
Population
200
Speed
Normal
Resources
Standard
Victory
Conquest
Starting age
Dark Age
Ending age
Imperial Age
RankedLock teamsTeams togetherTeam positionsShared explorationLock speedFull tech treeHidden civsTurbo modeCheats
Victory
Defeat
🇲🇽 Tupi · Mexico
802
+15
🇦🇷 Franks · Argentina
716
+18
🇨🇳 Spanish · China
705
+19
🇲🇽 Byzantines · Mexico
669
+20
🇺🇸 Burgundians · United States
829
-19
🇺🇸 Saxons · United States
784
-19
🇺🇸 Italians · United States
784
-19
🇺🇸 Britons · United States
686
-15
Malefactor
1:09 Loom
12:49 Feudal Age
23:08 Castle Age
21:18 Scale Barding Armor
21:25 Forging
25:51 Husbandry
26:40 Wheelbarrow
29:14 Imperial Age
26:33 Double-Bit Axe
26:30 Horse Collar
27:30 Wheelbarrow
27:27 Heavy Plow
27:38 Bow Saw
28:51 Gold Mining
28:54 Stone Mining
29:41 Heavy Camel Rider
31:57 Wheelbarrow
34:21 Iron Casting
35:14 Chain Barding Armor
37:46 Plate Barding Armor
37:16 Padded Archer Armor
39:26 Two-Man Saw
39:34 Caravan
40:22 Hand Cart
41:07 Loom
43:54 Crop Rotation
42:47 Light Cavalry
44:35 Scale Mail Armor
44:51 Hussar
47:38 Leather Archer Armor
47:13 Fletching
47:38 Chain Mail Armor
49:18 Ring Archer Armor
49:00 Cavalier
50:56 Squires
50:16 Pikeman
50:43 Arson
52:06 Conscription
52:01 Logistica
54:30 Paladin
57:26 Elite Skirmisher
57:27 Crossbowman
58:14 Thumb Ring
58:42 Plate Mail Armor
58:08 Bodkin Arrow
72:46 Bracer
72:10 Halberdier
72:11 Elite Varangian Guard
72:24 Elite Cataphract
75:30 Ballistics
76:18 Chemistry
75:47 Arbalester
84:56 Heavy Cavalry Archer
91:49 Fortified Wall
97:01 Man-at-Arms
99:43 Treadmill Crane
99:59 Murder Holes
raul_ruizv
9:58 Feudal Age
12:20 Loom
18:12 Fletching
18:23 Padded Archer Armor
23:25 Double-Bit Axe
32:07 Castle Age
29:57 Horse Collar
30:11 Stone Mining
30:15 Gold Mining
36:19 Champi Runner
46:22 Forging
46:13 Scale Mail Armor
49:51 Castle Age
51:55 Heavy Plow
52:13 Bow Saw
52:44 Gold Shaft Mining
52:03 Champi Warrior
52:03 Pikeman
53:20 Bodkin Arrow
61:58 Leather Archer Armor
62:23 Squires
85:12 Caravan
94:50 Imperial Age
95:45 Elite Blackwood Archer
96:43 Curare
98:17 Bracer
98:47 Ring Archer Armor
99:22 Chemistry
98:43 Ballistics
Alanvzqq
1:15 Loom
11:43 Feudal Age
13:01 Wheelbarrow
12:20 Double-Bit Axe
20:02 Castle Age
21:32 Bow Saw
26:20 Stone Mining
27:36 Gold Mining
28:07 Hand Cart
32:04 Forging
31:59 Scale Barding Armor
32:27 Husbandry
35:05 Iron Casting
35:39 Chain Barding Armor
36:21 Gold Shaft Mining
39:09 Caravan
39:12 Town Watch
42:40 Imperial Age
45:54 Town Patrol
49:28 Blast Furnace
49:03 Plate Barding Armor
47:51 Cavalier
49:18 Paladin
50:25 Chivalry
62:20 Hoardings
61:06 Elite Throwing Axeman
61:07 Ordonnance Companies
62:08 Conscription
67:08 Fletching
67:18 Padded Archer Armor
67:19 Scale Mail Armor
76:23 Bodkin Arrow
76:43 Leather Archer Armor
80:26 Chemistry
79:36 Masonry
79:37 Fortified Wall
90:32 Ballistics
90:37 Chain Mail Armor
令饼作呕
10:34 Feudal Age
11:09 Double-Bit Axe
12:20 Loom
13:31 Horse Collar
16:11 Castle Age
15:07 Stone Mining
20:55 Fishing Lines
22:02 Bow Saw
22:43 Fervor
22:54 Gillnets
23:47 Padded Archer Armor
24:14 Gold Mining
26:07 Bloodlines
26:18 Husbandry
27:10 Leather Archer Armor
28:11 Heavy Plow
29:27 Wheelbarrow
30:23 Stone Shaft Mining
35:01 Imperial Age
36:36 Conscription
37:25 Hand Cart
38:12 Two-Man Saw
39:33 Hoardings
39:23 Ballistics
39:37 Ring Archer Armor
41:18 Chemistry
41:11 Caravan
41:25 Masonry
41:38 Cavalier
42:55 Scale Barding Armor
43:02 Forging
44:58 Chain Barding Armor
45:14 Iron Casting
45:57 Elite Conquistador
46:04 Pikeman
47:54 Architecture
47:36 Fortified Wall
48:45 Supremacy
48:32 Squires
49:13 Plate Barding Armor
49:39 Blast Furnace
53:23 Paladin
68:10 Murder Holes
94:16 Elite Cannon Galleon
Glizzygirl10247
10:51 Feudal Age
11:52 Double-Bit Axe
13:24 Wheelbarrow
14:55 Horse Collar
16:12 Fishing Lines
24:51 Castle Age
23:15 Padded Archer Armor
24:39 Fletching
24:50 Scale Mail Armor
24:53 Elite Skirmisher
27:05 Heavy Plow
27:17 Bow Saw
28:35 Hand Cart
28:40 Caravan
29:10 Fortified Wall
29:39 Loom
30:44 Thumb Ring
30:24 Treadmill Crane
30:40 Murder Holes
32:47 Crossbowman
34:31 Silk Road
37:01 Leather Archer Armor
36:41 Bodkin Arrow
40:06 Imperial Age
39:42 Chain Mail Armor
39:38 Forging
39:51 Ballistics
40:48 Squires
41:59 Two-Man Saw
41:48 Crop Rotation
42:38 Chemistry
43:50 Ring Archer Armor
43:21 Bracer
44:00 Conscription
43:36 Pikeman
44:50 Gold Mining
45:34 Plate Mail Armor
48:56 Iron Casting
50:02 Stone Mining
53:29 Blast Furnace
56:22 Elite Genoese Crossbowman
56:26 Arbalester
76:43 Arson
misterstaff
1:20 Loom
10:36 Feudal Age
11:10 Double-Bit Axe
14:39 Horse Collar
20:53 Castle Age
19:25 Arson
19:39 Stone Mining
19:43 Gold Mining
24:35 Town Watch
25:25 Wheelbarrow
28:08 Heavy Plow
33:03 Imperial Age
30:42 Squires
30:49 Pikeman
31:26 Fletching
31:38 Padded Archer Armor
33:34 Hand Cart
33:11 Treadmill Crane
34:59 Gold Shaft Mining
34:37 Shield Wall
34:43 Elite Skirmisher
37:16 Bow Saw
38:38 Scale Mail Armor
38:49 Forging
39:03 Conscription
39:15 Murder Holes
39:32 Masonry
39:41 Chain Mail Armor
38:50 Elite Varangian Guard
38:57 Crossbowman
41:14 Crop Rotation
41:54 Iron Casting
44:53 Plate Mail Armor
44:20 Bodkin Arrow
45:45 Hoardings
46:07 Gambesons
54:51 Pikeman
57:06 Bracer
57:22 Leather Archer Armor
57:43 Architecture
57:34 Ballistics
58:15 Chemistry
57:23 Siege Engineers
56:47 Onager
56:59 Elite Hearth Troop
59:37 Thumb Ring
58:52 Arbalester
63:06 Guilds
62:58 Caravan
67:53 Clerical Recruitment
69:25 Halberdier
75:22 Ring Archer Armor
74:57 Scale Barding Armor
75:33 Theocracy
Golden-Dragon
6:04 Loom
11:39 Feudal Age
11:56 Double-Bit Axe
13:08 Bow Saw
14:28 Horse Collar
16:26 Scale Barding Armor
21:33 Forging
22:14 Gold Mining
24:27 Castle Age
25:19 Husbandry
25:22 Cavalier
27:11 Iron Casting
32:24 Stone Mining
38:31 Gold Shaft Mining
38:19 Guilds
40:12 Two-Man Saw
39:17 Heavy Plow
42:31 Imperial Age
42:32 Chain Barding Armor
44:43 Conscription
45:07 Wheelbarrow
44:29 Treadmill Crane
46:54 Crop Rotation
47:02 Paladin
50:18 Scale Mail Armor
51:43 Chain Mail Armor
52:29 Blast Furnace
51:25 Arson
51:45 Squires
57:33 Plate Barding Armor
57:00 Padded Archer Armor
57:35 Plate Mail Armor
AFG225
10:36 Feudal Age
11:07 Loom
12:23 Town Watch
18:04 Wheelbarrow
20:42 Horse Collar
20:49 Double-Bit Axe
21:45 Padded Archer Armor
22:43 Gold Mining
24:11 Fletching
25:27 Scale Mail Armor
27:05 Scale Barding Armor
27:12 Forging
28:13 Stone Mining
34:34 Castle Age
35:27 Bow Saw
35:19 Heavy Plow
35:53 Bodkin Arrow
36:44 Pikeman
37:25 Squires
38:08 Husbandry
38:54 Crossbowman
38:55 Elite Skirmisher
39:57 Leather Archer Armor
40:59 Gold Shaft Mining
40:47 Arson
42:18 Light Cavalry
44:31 Iron Casting
44:12 Chain Mail Armor
49:05 Imperial Age
46:55 Hand Cart
48:00 Town Patrol
50:03 Yeomen
50:12 Arbalester
50:55 Bracer
51:26 Ring Archer Armor
51:17 Chain Barding Armor
52:34 Conscription
54:25 Halberdier
56:15 Blast Furnace
55:46 Plate Mail Armor
56:18 Hoardings
59:22 Elite Longbowman
85:00 Two-Man Saw
85:40 Plate Barding Armor
Connection lost

Rejoining the realm…

Still unreachable

The connection could not be restored.

Session expired

The server has moved on; the page needs a fresh start.